 Dungeon Crawl Stone Soup version 0.20-a0-1026-gc3ddcbd (webtiles) character file.

32 Gorglomux the Vexing (level 3, -1/26 HPs)
             Began as a Mummy Enchanter on Apr 20, 2017.
             Slain by an adder (5 damage)
             ... on level 2 of the Dungeon.
             The game lasted 00:01:58 (1323 turns).

Gorglomux the Vexing (Mummy Enchanter)              Turns: 1323, Time: 00:01:59

Health: -1/26      AC:  2    Str: 11    XL:     3   Next: 8%
Magic:  7/7        EV: 12    Int: 14    God:
Gold:   78         SH:  0    Dex: 13    Spells: 4/7 levels left

rFire    x . .     SeeInvis .   m - +0 whip (elec)
rCold    + . .     Gourm    .   (no shield)
rNeg     + + +     Faith    .   b - +0 robe
rPois    ∞         Spirit   .   (no helmet)
rElec    .         Reflect  .   (no cloak)
rCorr    .         Harm     .   (no gloves)
MR       .....                  (no boots)
Stlth    ++........             k - amulet of rage {+Rage, !d}
Regen    0.1/turn               g - ring of flight {+Fly, !d}
MPRegen  0.1/turn               (no ring)

@: no status effects
A: no food or potions, fire vulnerability, cold resistance 1, negative energy
resistance 3, torment resistance, unbreathing
a: Evoke Flight


You were on level 2 of the Dungeon.
You were not hungry.

You visited 1 branch of the dungeon, and saw 2 of its levels.

You collected 78 gold pieces.

Inventory:

Hand Weapons
 a - a +1 dagger
 e - a +2 dagger of protection
   (You took it off a goblin on level 1 of the Dungeon)
 m - a +0 whip of electrocution (weapon)
   (You found it on level 2 of the Dungeon)
Missiles
 n - 4 javelins (quivered)
Armour
 b - a +0 robe (worn)
 i - a +0 cloak
   (You found it on level 1 of the Dungeon)
 l - a +1 helmet
   (You found it on level 1 of the Dungeon)
Jewellery
 g - a ring of flight (left hand) {+Fly, !d}
   (You took it off a goblin on level 1 of the Dungeon)
 k - an amulet of rage (around neck) {+Rage, !d}
   (You found it on level 1 of the Dungeon)
Scrolls
 d - a scroll of recharging {unknown}
 f - 2 scrolls of identify {unknown}
 h - a scroll of amnesia {unknown}
 j - a scroll of fear {unknown}
Books
 c - a book of Maledictions


   Skills:
 - Level 1.0 Fighting
 - Level 1.1 Short Blades
 + Level 0.7 Maces & Flails
 - Level 1.7 Dodging
 - Level 2.5 Stealth
 - Level 2.9 Spellcasting
 - Level 2.9 Hexes


You had 4 spell levels left.
You knew the following spells:

 Your Spells              Type           Power        Failure   Level  Hunger
a - Ensorcelled Hibernat  Hex/Ice        #.....       19%         2    N/A
v - Corona                Hex            ##.....      6%          1    N/A

Dungeon Overview and Level Annotations

Branches:
Dungeon (2/15)

Altars:


Innate Abilities, Weirdness & Mutations

You do not eat or drink.
Your flesh is vulnerable to fire.
You are immune to poison.
Your flesh is cold resistant. (rC+)
You are immune to negative energy. (rN+++)
You are immune to unholy pain and torment.
You can survive without breathing.


Message History

You open the door.
There is an open door here.
A kobold comes into view.
You regained 2 hp, and now have 24/26 hp.
MP restored: 7 A kobold is nearby!
Aim: a kobold (resting)
You throw a javelin. The javelin hits the kobold.
You kill the kobold!
A leopard gecko comes into view.
Aim: a leopard gecko (clinging, hasn't noticed you)
You throw a javelin.
The javelin closely misses the leopard gecko.
The leopard gecko hisses angrily.
Aim: a leopard gecko (clinging)
You throw a javelin. The javelin misses the leopard gecko.
The leopard gecko bites you but does no damage.
You hit the leopard gecko.
Lightning courses through the leopard gecko!
You kill the leopard gecko!
No target in view!
No target in view!
You see here a leopard gecko corpse.
n - 3 javelins (gained 1)
n - 4 javelins (gained 1)
You see here a stone.
n - 5 javelins (gained 1)
A rat comes into view.
Aim: a rat (resting)
You throw a javelin.
The javelin hits the rat but does no damage.
A rat is nearby!
Aim: a rat You throw a javelin.
The javelin barely misses the rat.
Aim: a rat You throw a javelin.
The javelin hits the rat.
You kill the rat!
Found a stone staircase leading down.
No target in view!
n - 3 javelins (gained 1)
n - 4 javelins (gained 1)
n - 5 javelins (gained 1)
You open the door.
A bat and an adder come into view.
Health restored: 26
Aim: an adder (resting)
You throw a javelin. The javelin hits the adder.
The adder hisses angrily.
The adder barely misses you.
You barely miss the adder. The adder bites you. The adder barely misses you.
You take 5 damage, and have 21/26 hp.
You barely miss the adder. The adder bites you.
You take 2 damage, and have 19/26 hp.
You barely miss the adder. The adder bites you. The adder closely misses you.
You take 4 damage, and have 15/26 hp.
You are too injured to fight recklessly!
Unknown command.
You are too injured to fight recklessly!
Unknown command.
You are too injured to fight recklessly!
You are too injured to fight recklessly!
There are monsters nearby!
There are monsters nearby!
You barely miss the adder. The adder bites you.
You take 4 damage, and have 11/26 hp.
You miss the adder. The adder closely misses you. The adder bites you.
You take 1 damage, and have 10/26 hp.
You miss the adder. The adder bites you.
* * * LOW HITPOINT WARNING * * *
You take 3 damage, and have 7/26 hp.
Unknown command.
You miss the adder. The adder barely misses you.
Unknown command.
You hit the adder. The adder bites you but does no damage.
The adder misses you.
Unknown command.
You barely miss the adder. The adder bites you but does no damage.
Unknown command.
You closely miss the adder. The adder barely misses you.
Unknown command.
You closely miss the adder. The adder misses you.
The adder bites you but does no damage.
Unknown command.
You barely miss the adder. The adder closely misses you.
Unknown command.
You closely miss the adder. The adder closely misses you.
Unknown command.
You closely miss the adder. The adder misses you. The adder bites you.
* * * LOW HITPOINT WARNING * * *
You take 2 damage, and have 6/26 hp.
You barely miss the adder. The adder bites you.
* * * LOW HITPOINT WARNING * * *
You take 2 damage, and have 4/26 hp.
Unknown command.
You barely miss the adder. The adder closely misses you. x2
Unknown command.
You hit the adder. The adder misses you.
Unknown command.
You miss the adder. The adder bites you.
You die...

#..# #.# ##.###.#
#.†..(#
#..##.###########
#..##.#.........#
#...#.#....%....#
###.#...........+
.#...........#######
.#..........@Sb.....
#.............######.
#........(....#
#.............#
#.............#
#.#>.#+######## ##. #


You could see an adder and a bat.

Vanquished Creatures
  An ooze (D:1)
  A dart slug (D:1)
  A leopard gecko (D:2)
  2 bats
  2 giant cockroaches (D:2)
  4 goblins (D:1)
  2 hobgoblins (D:1)
  A quokka (D:2)
  3 frilled lizards
  3 kobolds (D:2)
  3 rats
23 creatures vanquished.

Notes
Turn   | Place    | Note
-------+----------+-------------------------------------------
     0 | D:1      | Gorglomux the Mummy Enchanter began the quest for the Orb.
     0 | D:1      | Reached XP level 1. HP: 13/13 MP: 4/4
    34 | D:1      | HP: 3/13 [ooze (5)]
    37 | D:1      | Reached skill level 1 in Short Blades
   311 | D:1      | HP: 2/13 [goblin/dagger of protection (2)]
   623 | D:1      | Reached XP level 2. HP: 19/19 MP: 5/5
   803 | D:1      | Learned a level 2 spell: Ensorcelled Hibernation
  1153 | D:2      | Found a faded altar of an unknown god.
  1177 | D:2      | Reached skill level 1 in Fighting
  1226 | D:2      | Reached XP level 3. HP: 20/26 MP: 4/7
  1319 | D:2      | HP: 6/26 [adder (2)]
  1323 | D:2      | Slain by an adder

Vault maps used:
D:1:      grunt_arrival_lava_bath
D:2:      chequers_ecumenical_altar_twisty, nicolae_tso_carved_into_rock,
          uniq_terence

Skill      XL: |  1  2 |
---------------+-------+-----
Short Blades   | 1 |  1.1
Fighting       | 1 |  1.0
Maces & Flails | |  0.7
Dodging        | |  1.7
Stealth        | |  2.5
Spellcasting   | |  2.9
Hexes          | |  2.9

Action                   || total
-------------------------++-------
Melee: Dagger            ||    66
       Whip              ||    28
Throw: Javelin           ||     8
 Cast: Ensorcelled Hiber ||     1
Armor: Robe              ||    18
Dodge: Dodged            ||    55

Vault maps used:
D:1:      grunt_arrival_lava_bath
D:2:      chequers_ecumenical_altar_twisty, nicolae_tso_carved_into_rock,
          uniq_terence

Table legend:
 A = Turns spent in this place as a percentage of turns spent in the entire game.
 B = Non-inter-level travel turns spent in this place as a percentage of non-inter-level travel turns spent in the entire game.
 C = Inter-level travel turns spent in this place as a percentage of turns spent in this place.
 D = Turns resting spent in this place as a percentage of non-inter-level travel turns spent in this place.
 E = Turns spent auto-exploring this place as a percentage of non-inter-level travel turns spent in this place.
 F = Non-inter-level travel turns spent in this place divided by the number of levels of this place that you've seen.
                   A       B       C       D       E      F
               +-------+-------+-------+-------+-------+----------------------
         Total | 100.0 | 100.0 |   0.3 |   1.0 |  10.1 | 192.5
       Dungeon | 100.0 | 100.0 |   0.3 |   1.0 |  10.1 | 192.5
               +-------+-------+-------+-------+-------+----------------------

Table legend:
 A = Kills in this place as a percentage of kills in entire the game.
 B = Kills by you in this place as a percentage of kills by you in the entire game.
 C = Kills by friends in this place as a percentage of kills by friends in the entire game.
 D = Other kills in this place as a percentage of other kills in the entire game.
 E = Experience gained in this place as a percentage of experience gained in the entire game.
 F = Experience gained in this place divided by the number of levels of this place that you have seen.
                   A       B       C       D       E      F
               +-------+-------+-------+-------+-------+----------------------
         Total | 100.0 | 100.0 |  -nan |  -nan | 100.0 |  23.0
       Dungeon | 100.0 | 100.0 |  -nan |  -nan | 100.0 |  23.0
               +-------+-------+-------+-------+-------+----------------------
